 Dungeon Crawl Stone Soup version 0.29.1-15-g9cfb28693d (webtiles) character file.

Game seed: 257911802398998220

67 pokedragonboy the Shield-Bearer (level 4, -3/37 HPs)
             Began as a Formicid Fighter on Mar 12, 2023.
             Slain by a gnoll
             ... wielding a +0 spear
              (6 damage)
             ... on level 2 of the Dungeon.
             The game lasted 00:02:33 (1014 turns).

pokedragonboy the Shield-Bearer (Formicid Fighter)  Turns: 1014, Time: 00:02:34

Health: -3/37      AC: 12    Str: 22    XL:     4   Next: 38%
Magic:  4/4        EV:  6    Int:  8    God:
Gold:   63         SH:  5    Dex: 13    Spells: 3/3 levels left

rFire   . . .      SeeInvis +   a - +0 war axe
rCold   . . .      Faith    .   c - +0 buckler
rNeg    . . .      Spirit   .   e - +1 plate armour
rPois   .          Reflect  .   (helmet unavailable)
rElec   .          Harm     .   (no cloak)
rCorr   .          Rampage  .   (no gloves)
Will    .....                   (no boots)
Stlth   ..........              (no amulet)
HPRegen 0.12/turn               (no ring)
MPRegen 0.09/turn               (no ring)

@: mighty
A: permanent stasis, dig shafts and tunnels, antennae 3, four strong arms
a: Dig, Shaft Self


You were on level 2 of the Dungeon.
You visited 1 branch of the dungeon, and saw 2 of its levels.

You collected 63 gold pieces.

Inventory:

Hand Weapons
 a - a +0 war axe (weapon)
Armour
 c - a +0 buckler (worn)
 e - a +1 plate armour (worn)
Jewellery
 g - a ring of fire
Scrolls
 i - 2 scrolls of enchant armour
 j - 2 scrolls of identify {unknown}
 k - a scroll of immolation {unknown}
Potions
 b - a potion of lignification {unknown}
 f - 2 potions of haste {unknown}
 h - a potion of resistance {unknown}
 l - a potion of flight {unknown}


   Skills:
 + Level 3.8 Fighting
 * Level 3.1 Axes
 + Level 3.8 Armour
 + Level 4.6 Shields


You had 3 spell levels left.
You didn't know any spells.
Your spell library was empty.

Dungeon Overview and Level Annotations

Branches:
Dungeon (2/15)

Altars:


Innate Abilities, Weirdness & Mutations

You cannot be hasted, slowed, berserked, paralysed or teleported.
You can dig through walls and to a lower floor.
You have a pair of large antennae on your head. (SInv)
Your four strong arms can wield two-handed weapons with a shield.


Message History

You hit the gnoll.
The gnoll is severely wounded.
You hit the gnoll.
The gnoll hits you but does no damage. x2
You block the gnoll's attack. The gnoll hits you with a +0 club.
You slash the gnoll!
You kill the gnoll!
You hit the gnoll but do no damage. The gnoll hits you but does no damage.
Your Axes skill increases to level 3!
You have reached level 4!
You feel clever.
You are too injured to fight recklessly!
You are too injured to fight recklessly!
You are too injured to fight recklessly!
You barely miss the gnoll.
The gnoll is severely wounded.
The gnoll hits you with a +0 club. You block the gnoll's attack.
You barely miss the gnoll.
The gnoll is severely wounded.
You block the gnoll's attack. The gnoll closely misses you.
You slash the gnoll!
You kill the gnoll!
The gnoll hits you but does no damage. The gnoll hits you but does no damage.
You see here a +0 club.
You hit the gnoll but do no damage. You block the gnoll's attack.
The gnoll hits you with a +0 spear!
* * * LOW HITPOINT WARNING * * *
You hit the gnoll.
The gnoll is lightly wounded.
The gnoll hits you but does no damage.
You hit the gnoll.
The gnoll is lightly wounded.
The gnoll hits you with a +0 spear.
* * * LOW HITPOINT WARNING * * *
You feel very mighty all of a sudden. You block the gnoll's attack.
You closely miss the gnoll.
The gnoll is lightly wounded.
The gnoll hits you but does no damage. The gnoll hits you with a +0 spear.
You die...

##### ######## #...#
#...[..# #...# #......#
#...# # #......# #...# .#
##..$...### ###...# #.#
#..........
......#####..###.......#
...#.........##)@g†....####
...#.......####.#.)........
##....##..####..#..........
##.#.###.####..##..........
.....###.#.................
#.####.....#..######......<
.......).....## .......
..#.##.#......... .!.....
.....#.#..<...... .......


You could see a gnoll.

Vanquished Creatures
  2 gnolls (D:2)
  2 adders (D:2)
  7 bats
  2 endoplasms (D:2)
  2 goblins
  2 hobgoblins (D:1)
  A quokka (D:1)
  3 ball pythons
  A frilled lizard (D:1)
  5 kobolds
  5 rats
32 creatures vanquished.

Vanquished Creatures (others)
  2 fungi (D:1)
2 creatures vanquished.

Grand Total: 34 creatures vanquished

Notes
Turn   | Place    | Note
-------+----------+-------------------------------------------
     0 | D:1      | pokedragonboy the Formicid Fighter began the quest for the
                  | Orb.
     0 | D:1      | Reached XP level 1. HP: 18/18 MP: 1/1
   152 | D:1      | Reached XP level 2. HP: 20/24 MP: 2/2
   649 | D:2      | Reached XP level 3. HP: 10/28 MP: 3/3
  1006 | D:2      | Reached XP level 4. HP: 16/37 MP: 4/4
  1014 | D:2      | Slain by a gnoll

Illustrated notes

Levels and vault maps discovered:
D:1:      dpeg_arrival_short_road, layout_rooms, dreamdust_mushroom_princess
D:2:      layout_rooms, kennysheep_generic_room_3

Skill      XL: |  1  2  3 |
---------------+----------+-----
Axes           | 3 |  3.1
Fighting       | |  3.8
Armour         | |  3.8
Shields        | |  4.6

Action                   |  1- 3 |  4- 6 || total
-------------------------+-------+-------++-------
Melee: War axe           |    71 |     7 ||    78
 Abil: Dig               |     1 |       ||     1
  Use: Scroll            |     1 |       ||     1
       Potion            |       |     1 ||     1
Armor: Plate armour      |    79 |     4 ||    83
Dodge: Dodged            |    29 |     1 ||    30
Block: Buckler           |    33 |     4 ||    37
